 Dungeon Crawl Stone Soup version 0.28-a0-1087-gf3fc490d9d (webtiles) character file.

Game seed: 8805001499019404985

371 piper the Magician (level 7, -5/47 HPs)
             Began as a Djinni Fire Elementalist on Dec 10, 2021.
             Slain by a gnoll (8 damage)
             ... on level 5 of the Dungeon.
             The game lasted 00:31:40 (5583 turns).

piper the Magician (Djinni Fire Elementalist)       Turns: 5583, Time: 00:31:44

Health: -5/47      AC:  3    Str:  7    XL:     7   Next: 2%
Gold:   148        EV: 17    Int: 18    God:
                   SH:  0    Dex: 14

rFire   + + .      SeeInvis .   i - staff of air
rCold   x . .      Faith    .   (no shield)
rNeg    . . .      Spirit   .   a - +1 robe
rPois   ∞          Reflect  .   (no helmet)
rElec   +          Harm     .   (no cloak)
rCorr   .          Rampage  .   (no gloves)
Will    .....      Clarity  +   (boots unavailable)
Stlth   ++........              (no amulet)
HPRegen 0.15/turn               l - +4 ring of evasion
MPRegen 0.00/turn               (no ring)

@: on blink cooldown, flying, unable to read
A: sickness immunity, fire resistance 2, cold vulnerability 1, float, innate
caster, hp casting, extra vitality 1, clarity, inability to read while
threatened, MP-powered wands
a: no special abilities


You were on level 5 of the Dungeon.
You visited 1 branch of the dungeon, and saw 5 of its levels.

You collected 225 gold pieces.
You spent 77 gold pieces at shops.

Inventory:

Armour
 a - a +1 robe (worn)
Magical Staves
 i - a staff of air (weapon)
Jewellery
 l - a +4 ring of evasion (left hand)
Wands
 k - a wand of iceblast (13)
Scrolls
 c - 3 scrolls of identify
 d - a scroll of enchant armour
 e - 2 scrolls of fear
 j - 2 scrolls of immolation
 o - a scroll of blinking {unknown}
Potions
 b - a potion of brilliance {unknown}
 f - 2 potions of curing
 g - 2 potions of attraction
 h - a potion of degeneration


   Skills:
 * Level 1.1 Fighting
 + Level 3.3 Dodging
 + Level 2.0 Stealth
 + Level 0.3 Shields
 + Level 0.2 Unarmed Combat
 * Level 5.0 Spellcasting


You couldn't memorise any spells.
You knew the following spells:

 Your Spells              Type           Power      Damage    Failure   Level
a - Foxfire               Conj/Fire      88%        2x1d8     1%          1
b - Scorch                Fire           44%        2d7       2%          2
c - Conjure Flame         Conj/Fire      22%        6-21      4%          3
d - Inner Flame           Hex/Fire       22%        N/A       4%          3
e - Flame Wave            Conj/Fire      22%        2d6       17%         4
f - Beastly Appendage     Tmut           44%        N/A       1%          1
g - Passwall              Tmut/Erth      18%        N/A       2%          2
h - Blink                 Tloc           44%        N/A       2%          2
Your spell library was empty.

Dungeon Overview and Level Annotations

Branches:
Dungeon (5/15)
 Temple: D:4-7

Altars:
Ashenzari
Fedhas
Gozag
Wu Jian
Zin

Shops:
D:3 !


Innate Abilities, Weirdness & Mutations

You are immune to sickness and miasma.
You are immune to poison.
Your flesh is very heat resistant. (rF++)
You are vulnerable to cold. (rC-)
You float through the air rather than walking.
You learn spells naturally, not from books.
Your magical power is your life essence.
You have superior vitality. (+4 HP)
You possess an exceptional clarity of mind.
You sometimes lose the ability to read scrolls when taking damage.
You expend health (3 HP) to strengthen your wands.


Message History

The foxfire hits the gnoll sergeant but does no damage.
The gnoll sergeant misses you.
Casting: Foxfire (safe; 1% risk of failure)
Confirm with . or Enter, or press ? or * to list all spells.
Aiming: Passwall (safe; 2% risk of failure)
Press: ? - help, Dir - move target You can't see that place.
This rock feels extremely deep.
The gnoll sergeant hits you from afar with a +0 trident!
Casting: Passwall (safe; 2% risk of failure)
Confirm with . or Enter, or press ? or * to list all spells.
Aiming: Inner Flame (dangerous; 4% risk of failure)
Press: ? - help, Dir - move target, f - gnoll sergeant
Aim: a gnoll sergeant, wielding a +0 trident and wearing a +0 ring mail (ally target, chance to affect: 78%)
The gnoll sergeant is filled with an inner flame.
The gnoll sergeant misses you.
The gnoll sergeant hits you from afar with a +0 trident!
* * * LOW HITPOINT WARNING * * *
You see here 30 bolts.
You can read scrolls again.
As you read the scroll of fear, it crumbles to dust.
You assume a fearsome visage.
The gnoll sergeant looks frightened!
The gnoll looks frightened! x2
The gnoll mutters, "Damn and blast!"
As you read the scroll of magic mapping, it crumbles to dust.
You feel aware of your surroundings.
Casting: Inner Flame (dangerous; 4% risk of failure)
Confirm with . or Enter, or press ? or * to list all spells.
You blink.
* * * LOW HITPOINT WARNING * * *
The gnoll misses you. The gnoll barely misses you.
You are too injured to fight recklessly!
You are too injured to fight recklessly!
You closely miss the gnoll.
Your attack snaps the gnoll out of its fear.
The gnoll hits you with a +0 flail!
You feel threatened and lose the ability to read scrolls!
* * * LOW HITPOINT WARNING * * *
The gnoll hits you from afar with a +0 halberd!
You die...

,*≈≈≈≈≈≈,≈**##,******,* #.#
,,********≈*,..,,,,,,,* #.#
***≈≈,,≈**≈*##.##***##########.##
,*≈*****≈*≈*,.,..* #.......#...#
**≈**≈,*≈*≈**#.#.* #.......##.##
*≈*≈***≈*≈* #.#.####.......##.#
*≈**≈,,,*≈* #.g#.g(g.......##.#
*≈*******,#####.####.......##(#
**≈≈≈≈,≈≈*#...g@# #.......##.##
*********####### #g...........
*.######* #.#.#......).
*.......####g##.#.###.#.
#.#***#.gg...##.#.###.#. ##.#
#g#######....##.#. #..# #§v,*
#.<#..#... #..# #g#,# #.###...#.
##..#####.#.# #..#..#.).


You could see 2 gnolls.

Vanquished Creatures
  A phantom (D:4)
  A scorpion (D:4)
  A hound (D:4)
  2 orc wizards
  A gnoll (D:5)
  6 adders
  An adder skeleton (D:4)
  3 worms
  A dart slug (D:1)
  3 orcs
  6 endoplasms
  4 giant cockroaches
  4 hobgoblins
  12 jackals
  8 kobolds
  4 quokkas
  4 ball pythons
  6 bats
  4 frilled lizards
  6 goblins
  3 rats
81 creatures vanquished.

Vanquished Creatures (collateral kills)
  2 foxfires (D:1)
2 creatures vanquished.

Vanquished Creatures (others)
  273 foxfires
  4 withered plants (D:1)
277 creatures vanquished.

Grand Total: 360 creatures vanquished

Notes
Turn   | Place    | Note
-------+----------+-------------------------------------------
     0 | D:1      | piper the Djinni Fire Elementalist began the quest for the
                  | Orb.
     0 | D:1      | Reached XP level 1. HP: 15/15 MP: 0/0
    40 | D:1      | Gained mutation: You expend health (3 HP) to strengthen
                  | your wands. [potion of mutation]
    40 | D:1      | Gained mutation: You possess an exceptional clarity of
                  | mind. [potion of mutation]
    40 | D:1      | Gained mutation: You sometimes lose the ability to read
                  | scrolls when taking damage. [potion of mutation]
   481 | D:1      | Reached XP level 2. HP: 21/21 MP: 0/0
  1024 | D:1      | Found a faded altar of an unknown god.
  1249 | D:1      | Reached skill level 3 in Spellcasting
  1249 | D:1      | Reached XP level 3. HP: 23/25 MP: 0/0
  1249 | D:1      | Learned a level 1 spell: Beastly Appendage
  1942 | D:2      | Reached XP level 4. HP: 26/31 MP: 0/0
  3225 | D:3      | Reached XP level 5. HP: 34/35 MP: 0/0
  3225 | D:3      | Learned a level 2 spell: Passwall
  3290 | D:3      | Found Aboumam's Distillery.
  3298 | D:3      | Bought a potion of curing for 33 gold pieces
  3298 | D:3      | Bought a potion of attraction for 33 gold pieces
  3298 | D:3      | Bought a potion of degeneration for 11 gold pieces
  4419 | D:4      | Noticed a phantom
  4427 | D:4      | Killed a phantom
  4428 | D:4      | Reached skill level 4 in Spellcasting
  4428 | D:4      | Reached XP level 6. HP: 33/41 MP: 0/0
  4633 | D:4      | Reached skill level 1 in Fighting
  4861 | D:5      | Entered Level 5 of the Dungeon
  5077 | D:5      | Found a broken altar of Ashenzari.
  5077 | D:5      | Found a glowing silver altar of Zin.
  5085 | D:5      | Found an ornate altar of the Wu Jian Council.
  5088 | D:5      | Found a blossoming altar of Fedhas.
  5129 | D:5      | Found an opulent altar of Gozag.
  5258 | D:5      | Reached skill level 5 in Spellcasting
  5258 | D:5      | Reached XP level 7. HP: 23/47 MP: 0/0
  5258 | D:5      | Learned a level 2 spell: Blink
  5583 | D:5      | Slain by a gnoll

Illustrated notes

Levels and vault maps discovered:
D:1:      sevenhm_arrival_forest_fort_large_2, layout_basic,
          shapermc_ecumenical_altar_flowoftime, minmay_tromino_v2
D:2:      layout_loops_cross
D:3:      layout_basic, serial_shops, nicolae_shop_stone, serial_corexii_hall,
          corexii_hall_statues_x, corexii_hall_statues_t,
          corexii_hall_statues_i, corexii_hall_statues_l, hangedman_glass_teeth
D:4:      layout_layer_cave
D:5:      layout_loops_ring, chequers_temple_overflow_minitemple,
          gup_sewer_entry_spiral

Skill      XL: |  1  2  3  4  5  6 |
---------------+-------------------+-----
Spellcasting   | 3 4 5 |  5.0
Dodging        | 3 |  3.3
Stealth        | 2 |  2.0
Fighting       | 1 |  1.1
Shields        | |  0.3
Unarmed Combat | |  0.2

Action                   |  1- 3 |  4- 6 |  7- 9 || total
-------------------------+-------+-------+-------++-------
Melee: Unarmed           |    28 |     6 |       ||    34
       Headbutt          |     1 |     2 |       ||     3
       Staff             |       |     5 |     1 ||     6
 Cast: Foxfire           |    47 |   122 |     5 ||   174
       Beastly Appendage |     1 |     2 |       ||     3
       Blink             |       |       |     2 ||     2
       Inner Flame       |       |       |     2 ||     2
       Passwall          |       |       |     1 ||     1
  Use: Potion            |     3 |     2 |     1 ||     6
       Scroll            |     2 |     6 |     3 ||    11
Armor: Robe              |    15 |    10 |       ||    25
Dodge: Dodged            |    44 |    20 |     7 ||    71
Block: Buckler           |     3 |       |       ||     3

Table legend: (Time is in decaauts)
 A = Elapsed time spent in this place.
 B = Non-inter-level travel time spent in this place.
 C = Inter-level travel time spent in this place.
 D = Time resting spent in this place.
 E = Time spent auto-exploring this place.
 F = Levels seen in this place.
 G = Mean time per level.
                   A        B        C        D        E       F      G
               +--------+--------+--------+--------+--------+-----+--------+
         Total |   5585 |   5430 |    155 |      0 |   4361 |   5 | 1117.0 |
       Dungeon |   5585 |   5430 |    155 |      0 |   4361 |   5 | 1117.0 |
               +--------+--------+--------+--------+--------+-----+--------+

Top non-repeatable levels by time:
     D:1: 1804 daAuts
     D:3: 1124 daAuts
     D:2: 1101 daAuts
     D:4: 981 daAuts
     D:5: 572 daAuts
